 Dungeon Crawl Stone Soup version 0.27-a0-1144-g0b7d3b79db (webtiles) character file.

Game seed: 18084635903386867529

534 sizableburger the Gusty (level 7, -3/41 HPs)
             Began as an Octopode Air Elementalist on May 11, 2021.
             Was a Believer of Nemelex Xobeh.
             Slain by an ice beast (13 damage)
             ... on level 4 of the Dungeon.
             The game lasted 00:13:10 (5640 turns).

sizableburger the Gusty (Octopode Air Elementalist) Turns: 5640, Time: 00:13:14

Health: -3/41      AC:  1    Str:  7    XL:     7   Next: 25%
Magic:  2/13       EV: 13    Int: 25    God:    Nemelex Xobeh [**....]
Gold:   109        SH:  0    Dex: 13    Spells: 1/14 levels left

rFire    . . .     SeeInvis .   (no weapon)
rCold    . . .     Faith    .   (no shield)
rNeg     . . .     Spirit   .   (helmet restricted)
rPois    .         Reflect  .   (no amulet)
rElec    .         Harm     .   i - +6 ring of intelligence
rCorr    .         Rampage  .   (no ring)
Will     .....                  (no ring)
Stlth    +++.......             (no ring)
HPRegen  0.13/turn              (no ring)
MPRegen  0.13/turn              (no ring)
                                (no ring)
                                (no ring)

@: no status effects
A: almost no armour, amphibious, 8 rings, camouflage 1, gelatinous body 1,
(nimble swimmer 1), tentacles
a: Renounce Religion, Draw Escape, Draw Destruction, Draw Summoning


You were on level 4 of the Dungeon.
You worshipped Nemelex Xobeh.
Nemelex Xobeh was pleased with you.
You visited 1 branch of the dungeon, and saw 4 of its levels.

You collected 109 gold pieces.

Inventory:

Missiles
 k - 3 datura-tipped darts
Jewellery
 i - a +6 ring of intelligence (left tentacle)
 l - a ring of fire
Scrolls
 a - 2 scrolls of enchant weapon
 h - 5 scrolls of teleportation
 m - a scroll of identify
Potions
 b - a potion of curing
 c - 2 potions of degeneration
 d - a potion of haste
 e - a potion of heal wounds
 f - a potion of ambrosia {unknown}
 g - a potion of attraction {unknown}
 j - a potion of lignification {unknown}


   Skills:
 - Level 2.0 Dodging
 - Level 2.6 Stealth
 + Level 4.3 Spellcasting
 + Level 4.3 Conjurations
 + Level 5.1 Air Magic


You had one spell level left.
You knew the following spells:

 Your Spells              Type           Power      Damage    Failure   Level
a - Shock                 Conj/Air       100%       1d9       1%          1
b - Swiftness             Air            31%        N/A       3%          3
c - Airstrike             Air            15%        N/A       11%         4
d - Lightning Bolt        Conj/Air       14%        1d28      34%         5

Your spell library contained the following spells:

 Spells                   Type           Power      Damage    Failure   Level
 Sandblast                Erth           10%        2d5       9%          1
 Static Discharge         Conj/Air       29%        N/A       1%          2
 Stone Arrow              Conj/Erth      32%        3d9       11%         3
 Passwall                 Tmut/Erth      4%         N/A       13%         2
 Petrify                  Tmut/Erth      5%         N/A       65%         4
 Lee's Rapid Deconstruct  Erth           2%         3d6*      94%         5


Dungeon Overview and Level Annotations

Branches:
Dungeon (4/15)
 Temple: D:4-7

Altars:
Nemelex Xobeh
Yredelemnul

Shops:
D:4 [


Innate Abilities, Weirdness & Mutations

You cannot wear most types of armour.
You are amphibious.
You can wear up to eight rings at the same time.
Your skin changes colour to match your surroundings (Stealth+).
Your rubbery body absorbs attacks. (AC +1, EV +1)
((You are camouflaged near water. (Stealth+)))
You have tentacles for arms and can constrict up to eight enemies at once.


Message History

You are very lightly contaminated with residual magic.
Nothing appears to happen.
Casting: Airstrike (quite dangerous; 11% risk of failure)
Confirm with . or Enter, or press ? or * to list all spells.
The spell is quite dangerous to cast (11% risk of failure)!
Continue anyway?
Aiming: Airstrike (quite dangerous; 11% risk of failure)
Press: ? - help, Dir - move target, f/p - ice beast
Aim: an ice beast The air twists around and strikes the ice beast!
The ice beast is heavily wounded.
Casting: Airstrike (quite dangerous; 11% risk of failure)
Confirm with . or Enter, or press ? or * to list all spells.
Aiming: Shock (safe; 1% risk of failure)
Press: ? - help, Shift-Dir - straight line, f/p - ice beast
Aim: an ice beast (heavily wounded, 74% to hit)
The zap misses the ice beast.
Unknown command.
You closely miss the ice beast.
The ice beast is heavily wounded.
The ice beast hits you. The ice beast freezes you!
You tentacle-slap the ice beast. Your squeeze misses the ice beast.
The ice beast is heavily wounded.
The ice beast closely misses you.
You tentacle-slap the ice beast but do no damage.
The ice beast is heavily wounded.
The ice beast hits you. The ice beast freezes you!
Your magical contamination has completely faded away.
You closely miss the ice beast. You squeeze the ice beast.
The ice beast is severely wounded.
The ice beast hits you. The ice beast freezes you!
* * * LOW HITPOINT WARNING * * *
The gnoll shouts!
Okay, then.
You draw a card...
You have drawn Velocity.
The gnoll seems to slow down.
The deck of cards disappears without a trace.
The ice beast hits you.
* * * LOW HITPOINT WARNING * * *
The ice beast freezes you!
You die...
Your body glows slightly and disappears.

............#.##.#.# #.#
............#..#'#.# #.#
..>.........##.....# #.#
<...........##.....# #.#
##.###....####.....# #.#
##.........###.....# #.#
##.............#.#.###########.#
<#.........###.#.#.............#
##..............@.##############
###.)......######Y.##############
...................).............
≈≈≈)≈≈≈≈≈≈)≈≈≈≈≈....≈≈≈≈≈≈≈≈≈≈≈≈≈
≈≈≈≈≈≈≈≈≈≈≈≈≈≈≈≈...g≈≈≈≈≈≈≈≈≈≈≈≈≈
####≈≈≈≈≈≈≈≈≈≈≈≈...)≈)≈≈≈≈≈≈≈≈≈≈#
...#.........)..)...)...........#
...#############)'''#############
##'#...........#))..#...... #


You could see an ice beast and a gnoll (slow).

Vanquished Creatures
  3 killer bees (D:2)
  A jelly (D:3)
  A hound (D:4)
  An orc wizard (D:4)
  A hound skeleton (D:4)
  Robin (D:2)
  14 gnolls
  3 adders
  An ufetubus (D:4)
  3 dart slugs
  9 orcs
  5 ball pythons
  An endoplasm (D:1)
  6 giant cockroaches
  14 goblins
  11 hobgoblins
  25 jackals
  4 quokkas
  A bat (D:1)
  3 frilled lizards
  9 kobolds
  A rat (D:1)
118 creatures vanquished.

Vanquished Creatures (others)
  3 plants (D:4)
3 creatures vanquished.

Grand Total: 121 creatures vanquished

Notes
Turn   | Place    | Note
-------+----------+-------------------------------------------
     0 | D:1      | sizableburger the Octopode Air Elementalist began the quest
                  | for the Orb.
     0 | D:1      | Reached XP level 1. HP: 11/11 MP: 3/3
   292 | D:1      | Reached XP level 2. HP: 17/17 MP: 1/5
   796 | D:1      | Reached XP level 3. HP: 21/21 MP: 1/6
  1093 | D:1      | Learned a level 3 spell: Swiftness
  1279 | D:2      | Found a faded altar of an unknown god.
  1289 | D:2      | Became a worshipper of Nemelex Xobeh the Trickster
  1289 | D:2      | Reached * piety under Nemelex Xobeh
  1289 | D:2      | Received a gift from Nemelex Xobeh
  1510 | D:2      | Noticed Robin
  1521 | D:2      | Killed Robin
  1522 | D:2      | Reached XP level 4. HP: 15/27 MP: 1/8
  1914 | D:2      | Found a basalt altar of Yredelemnul.
  2075 | D:2      | Reached skill level 4 in Air Magic
  2075 | D:2      | Reached XP level 5. HP: 20/31 MP: 9/9
  2744 | D:3      | Learned a level 4 spell: Airstrike
  2935 | D:3      | Reached XP level 6. HP: 23/36 MP: 7/11
  3825 | D:3      | Reached ** piety under Nemelex Xobeh
  4036 | D:4      | Found Ifankow's Armour Emporium.
  4718 | D:4      | Learned a level 5 spell: Lightning Bolt
  5067 | D:4      | Reached skill level 5 in Air Magic
  5067 | D:4      | Reached XP level 7. HP: 41/41 MP: 9/13
  5640 | D:4      | Slain by an ice beast

Illustrated notes

Levels and vault maps discovered:
D:1:      amcnicky_arrival_flooded_fountain, layout_basic
D:2:      layout_loops_ring, hellmonk_ecumenical_altar_crossroads, basic_altar,
          minmay_misc_feat_diagonals, uniq_robin
D:3:      layout_loops_corners
D:4:      lemuel_castle_with_subvaults [lemuel_castle_interior_carwin_1],
          layout_basic, serial_shops, nicolae_shop_behind_doors,
          chequers_serial_rivers_small_b

Skill      XL: |  1  2  3  4  5  6 |
---------------+-------------------+-----
Conjurations   | 2 3 4 |  4.3
Spellcasting   | 3 4 |  4.3
Air Magic      | 4 5 |  5.1
Dodging        | |  2.0
Stealth        | |  2.6

Action                   |  1- 3 |  4- 6 |  7- 9 || total
-------------------------+-------+-------+-------++-------
Melee: Unarmed           |    37 |    53 |     5 ||    95
       Constrict         |    12 |    14 |     1 ||    27
       Tentacles         |    11 |     9 |     1 ||    21
 Cast: Shock             |    51 |   111 |    41 ||   203
       Airstrike         |       |       |     2 ||     2
Invok: Draw Destruction  |       |     4 |       ||     4
       Draw Summoning    |       |     2 |       ||     2
       Draw Escape       |       |       |     1 ||     1
  Use: Potion            |       |     1 |       ||     1
       Scroll            |       |     7 |       ||     7
 Stab: Sleeping          |     2 |     1 |       ||     3
Armor: Skin              |     4 |     2 |       ||     6
Dodge: Dodged            |    34 |    52 |     2 ||    88

Table legend: (Time is in decaauts)
 A = Elapsed time spent in this place.
 B = Non-inter-level travel time spent in this place.
 C = Inter-level travel time spent in this place.
 D = Time resting spent in this place.
 E = Time spent auto-exploring this place.
 F = Levels seen in this place.
 G = Mean time per level.
                   A        B        C        D        E       F      G
               +--------+--------+--------+--------+--------+-----+--------+
         Total |   5638 |   5605 |     33 |   1564 |   3212 |   4 | 1409.5 |
       Dungeon |   5638 |   5605 |     33 |   1564 |   3212 |   4 | 1409.5 |
               +--------+--------+--------+--------+--------+-----+--------+

Top non-repeatable levels by time:
     D:4: 1790 daAuts
     D:3: 1454 daAuts
     D:1: 1228 daAuts
     D:2: 1165 daAuts
